Map: Prüfung von Aiur LE

Players

Jsvift

  • Race: Zerg Zerg
  • League: Diamond
  • Spawn Location: 5:00

Panda - Winner!

  • Race: Zerg Zerg
  • League: Diamond
  • Spawn Location: 11:00

VOD

Have the link to the VOD?

Description

Time

  • Played on: Sept. 7, 2017, 8:32 a.m.
  • Length: 3:22
Show
View Real Time Build Order
Export as new Build Order

Jsvift Zerg 

Build Orders: Hatch First 

Get SALT Encoding   

  12  0:01  Drone  
  13  0:12  Overlord  
  13  0:18  Drone  
  14  0:30  Drone x2  
  14  0:34  Drone  
  17  0:45  Drone  
  18  0:57  Hatchery  
  18  1:00  Extractor  
  18  1:01  Drone  
  17  1:06  Drone  
  18  1:20  Spawning Pool  
  18  1:23  Drone  
  18  1:28  Drone  
  19  1:39  Overlord  
  19  2:07  Zergling x4  
  19  2:08  Queen  
  21  2:09  Zergling x2  
  21  2:10  Queen  
  26  2:28  Zergling x4  
  27  2:41  Zergling x2  
  24  2:49  Zergling x2  
  25  2:57  Zergling x6  
  28  3:07  Roach Warren  
Show
View Real Time Build Order
Export as new Build Order

Panda Zerg - Winner!

Build Orders: Pool Only 

Get SALT Encoding   

  12  0:01  Drone  
  13  0:15  Extractor  
  12  0:24  Spawning Pool  
  12  0:28  Drone  
  12  0:36  Drone  
  13  0:44  Overlord  
  13  0:52  Drone  
  14  1:11  Zergling x4  
  14  1:12  Zergling x2  
  14  1:15  Metabolic Boost  
  17  1:29  Queen  
  19  1:34  Zergling x2  
  20  1:41  Zergling x2  
  21  1:49  Baneling Nest  
  21  1:53  Zergling x2  
  21  2:01  Zergling x2  
  22  2:08  Overlord  
  21  2:32  Zergling x2  
  21  2:33  Zergling x2  
  22  2:47  Zergling x2  
  23  2:52  Baneling x4  
  23  2:53  Baneling  
  23  2:58  Zergling x2  
Tags
 
Add a new tag
Caveats
  • Supply blocks, unpowered buildings, or Contaminate may cause inaccurate times.
  • Supply counts are checked every 10 seconds.